 Dungeon Crawl Stone Soup version 0.28-a0-268-g3f656e82c2 (webtiles) character file.

Game seed: 4868552119926416701

79 frimble the Covered (level 4, -1/57 HPs)
             Began as a Gnoll Wanderer on Aug 29, 2021.
             Slain by Robin (4 damage)
             ... on level 3 of the Dungeon.
             The game lasted 00:01:39 (2318 turns).

frimble the Covered (Gnoll Wanderer)                Turns: 2318, Time: 00:01:40

Health: -1/57      AC: 22    Str:  9    XL:     4   Next: 38%
Magic:  5/5        EV: -1    Int: 16    God:
Gold:   87         SH:  0    Dex: 16    Spells: 5/5 levels left

rFire   . . .      SeeInvis .   c - +0 hand axe
rCold   . . .      Faith    .   (no shield)
rNeg    + + +      Spirit   .   (armour currently unavailable)
rPois   +          Reflect  .   (helmet currently unavailable)
rElec   .          Harm     .   (cloak currently unavailable)
rCorr   .          Rampage  .   (gloves currently unavailable)
Will    .....      NoTele   +   (boots currently unavailable)
Stlth   ++........              (no amulet)
HPRegen 0.19/turn               g - +6 ring of intelligence
MPRegen 0.09/turn               (no ring)

@: tree-form, hasted, constricted, very quick
A: stationary, stasis, torment immunity, boosted hp, (fangs 1), strong nose,
distributed training
a: no special abilities


You were on level 3 of the Dungeon.
You were a tree.
You visited 1 branch of the dungeon, and saw 3 of its levels.

You collected 87 gold pieces.

Inventory:

Hand Weapons
 a - a +2 dagger
 c - a +0 hand axe (weapon)
 d - a +0 short sword
Armour
 e - a +0 robe (melded)
Jewellery
 g - a +6 ring of intelligence (left branch)
Scrolls
 i - a scroll of teleportation
Potions
 h - a potion of lignification


   Skills:
 + Level 4.6 Fighting
 + Level 4.6 Short Blades
 + Level 1.1 Long Blades
 + Level 4.6 Axes
 + Level 1.1 Maces & Flails
 + Level 1.1 Polearms
 + Level 1.1 Staves
 + Level 1.1 Slings
 + Level 1.1 Bows
 + Level 1.1 Crossbows
 + Level 1.1 Throwing
 + Level 4.6 Armour
 + Level 1.1 Dodging
 + Level 2.5 Stealth
 + Level 2.7 Shields
 + Level 1.1 Unarmed Combat
 + Level 1.1 Spellcasting
 + Level 0.9 Conjurations
 + Level 0.9 Hexes
 + Level 0.9 Summonings
 + Level 0.9 Necromancy
 + Level 0.9 Translocations
 + Level 0.9 Transmutations
 + Level 0.9 Fire Magic
 + Level 0.9 Ice Magic
 + Level 0.9 Air Magic
 + Level 0.9 Earth Magic
 + Level 0.9 Poison Magic
 + Level 1.2 Invocations
 + Level 1.1 Evocations


You had 5 spell levels left.
You didn't know any spells.
Your spell library contained the following spells:

 Spells                   Type           Power      Damage    Failure   Level
 Cause Fear               Hex            1%         N/A       83%         4
 Dragon Form              Tmut           1%         N/A       100%        7
 Dragon's Call            Summ           1%         N/A       100%        9


Dungeon Overview and Level Annotations

Branches:
Dungeon (2/15)

Altars:

Annotations:
D:3 Robin


Innate Abilities, Weirdness & Mutations

You are a tree.
Your roots penetrate the ground, keeping you stationary.
You cannot be teleported.
You are immune to unholy pain and torment.
Your maximum health is greatly increased.
Your equipment is partially melded.
((You have very sharp teeth.))
Your uncanny sense of smell can sniff out nearby items.
Your experience applies equally to all skills.


Message History

You kill the goblin!
You barely miss the goblin.
The endoplasm hits you but does no damage.
The goblin hits you with a +0 club.
* * * LOW HITPOINT WARNING * * *
It was a potion of lignification.
You turn into a tree.
Your +0 robe melds into your body.
Your roots penetrate the ground.
The goblin hits you but does no damage.
You hit the goblin.
The goblin is severely wounded.
You hit the goblin but do no damage. You barely miss the endoplasm.
Robin's horned helmet rattles.
Robin barely misses you.
The endoplasm hits you but does no damage.
The goblin completely misses you.
You hit the endoplasm.
The endoplasm is heavily wounded.
You barely miss the goblin. You hit the goblin.
You kill the goblin!
The endoplasm freezes you.
You are frozen.
* * * LOW HITPOINT WARNING * * *
Robin throws the goblin at you! The goblin hits you but does no damage.
You hit the endoplasm but do no damage.
The endoplasm is moderately wounded.
You barely miss the goblin. You hit the goblin.
You kill the goblin!
Robin hits you from afar with a +0 trident.
* * * LOW HITPOINT WARNING * * *
The endoplasm hits you but does no damage.
The goblin hits you but does no damage.
You hit the endoplasm.
You kill the endoplasm!
You hit the goblin.
You kill the goblin!
You closely miss the ball python. The ball python completely misses you.
The ball python grabs you. The ball python constricts you.
You closely miss the ball python.
Robin hits you from afar with a +0 trident.
You die...

###################
......)♣)..........
#####.##S##########
$. #)ggr..... ##
#...g....r.
##...#####. ##.##
#.# #.# ...


You could see Robin, 2 hobgoblins, a ball python and a rat.

Vanquished Creatures
  Natasha (D:2)
  A worm (D:2)
  A dart slug (D:1)
  2 ball pythons
  5 endoplasms
  A giant cockroach (D:1)
  3 hobgoblins (D:1)
  2 quokkas (D:2)
  2 bats (D:1)
  6 frilled lizards
  12 goblins
  4 kobolds
  6 rats
46 creatures vanquished.

Notes
Turn   | Place    | Note
-------+----------+-------------------------------------------
     0 | D:1      | frimble the Gnoll Wanderer began the quest for the Orb.
     0 | D:1      | frimble set off with the following items: a +2 dagger, a
                  | potion of haste, a +0 hand axe, a +0 short sword, a +0 robe
     0 | D:1      | Reached XP level 1. HP: 20/20 MP: 1/1
   273 | D:1      | Reached XP level 2. HP: 25/26 MP: 2/2
   886 | D:1      | Reached XP level 3. HP: 14/31 MP: 3/3
  1841 | D:2      | Noticed Natasha
  1867 | D:2      | Killed Natasha
  1868 | D:2      | Reached skill level 1 in Long Blades
  1868 | D:2      | Reached skill level 1 in Maces & Flails
  1868 | D:2      | Reached skill level 1 in Polearms
  1868 | D:2      | Reached skill level 1 in Staves
  1868 | D:2      | Reached skill level 1 in Slings
  1868 | D:2      | Reached skill level 1 in Bows
  1868 | D:2      | Reached skill level 1 in Crossbows
  1868 | D:2      | Reached skill level 1 in Throwing
  1868 | D:2      | Reached skill level 1 in Dodging
  1868 | D:2      | Reached skill level 1 in Unarmed Combat
  1868 | D:2      | Reached skill level 1 in Spellcasting
  1868 | D:2      | Reached skill level 1 in Invocations
  1868 | D:2      | Reached skill level 1 in Evocations
  1868 | D:2      | Reached XP level 4. HP: 19/38 MP: 5/5
  2299 | D:2      | You fall into a shaft and drop 1 floor!
  2305 | D:3      | Noticed Robin
  2318 | D:3      | Slain by Robin

Illustrated notes

Levels and vault maps discovered:
D:1:      lightli_arrival_flooded_house, layout_basic,
          hangedman_abyss_or_decor_stabs
D:2:      layout_basic, uniq_natasha
D:3:      layout_loops_ring, mainiacjoe_overflow_tiny_flanked, okawaru_trees_1,
          zin_academy, serial_shops, nicolae_shop_competitors_out_of_business,
          chequers_serial_rivers_small_3, minmay_misc_feat_five, uniq_grinder,
          uniq_robin

Skill      XL: |  1  2  3 |
---------------+----------+-----
Long Blades    | 1 |  1.1
Maces & Flails | 1 |  1.1
Polearms       | 1 |  1.1
Staves         | 1 |  1.1
Slings         | 1 |  1.1
Bows           | 1 |  1.1
Crossbows      | 1 |  1.1
Throwing       | 1 |  1.1
Dodging        | 1 |  1.1
Unarmed Combat | 1 |  1.1
Spellcasting   | 1 |  1.1
Invocations    | 1 |  1.2
Evocations     | 1 |  1.1
Fighting       | |  4.6
Short Blades   | |  4.6
Axes           | |  4.6
Armour         | |  4.6
Stealth        | |  2.5
Shields        | |  2.7
Conjurations   | |  0.9
Hexes          | |  0.9
Summonings     | |  0.9
Necromancy     | |  0.9
Translocations | |  0.9
Transmutations | |  0.9
Fire Magic     | |  0.9
Ice Magic      | |  0.9
Air Magic      | |  0.9
Earth Magic    | |  0.9
Poison Magic   | |  0.9

Action                   |  1- 3 |  4- 6 || total
-------------------------+-------+-------++-------
Melee: Hand axe          |   107 |    25 ||   132
       Bite              |     9 |     2 ||    11
       Punch             |       |     1 ||     1
  Use: Scroll            |     6 |       ||     6
       Potion            |       |     2 ||     2
 Stab: Sleeping          |     8 |       ||     8
Armor: Robe              |    17 |     3 ||    20
       Skin              |       |     6 ||     6
Dodge: Dodged            |    47 |    15 ||    62

Table legend: (Time is in decaauts)
 A = Elapsed time spent in this place.
 B = Non-inter-level travel time spent in this place.
 C = Inter-level travel time spent in this place.
 D = Time resting spent in this place.
 E = Time spent auto-exploring this place.
 F = Levels seen in this place.
 G = Mean time per level.
                   A        B        C        D        E       F      G
               +--------+--------+--------+--------+--------+-----+--------+
         Total |   2333 |   2283 |     50 |      0 |   1969 |   3 |  777.7 |
       Dungeon |   2333 |   2283 |     50 |      0 |   1969 |   3 |  777.7 |
               +--------+--------+--------+--------+--------+-----+--------+

Top non-repeatable levels by time:
     D:1: 1624 daAuts
     D:2: 692 daAuts
     D:3: 16 daAuts
